 Dungeon Crawl Stone Soup version 0.17-a0-941-g450667a (webtiles) character file.

272 Chasingthesun the Chiller (level 6, -3/46 HPs)
             Began as a Draconian Ice Elementalist on Apr 22, 2015.
             Slain by Menkaure (7 damage)
             ... on level 5 of the Dungeon on May 5, 2015.
             The game lasted 00:32:00 (4025 turns).

Chasingthesun the Chiller (DrIE)                    Turns: 4025, Time: 00:32:00

Health: -3/46      AC:  7    Str: 11    XL:     6   Next: 2%
Magic:  3/9        EV: 12    Int: 16    God:
Gold:   126        SH:  0    Dex: 12    Spells: 1 memorised, 8 levels left

rFire  . . .     SeeInvis .     m - +3 war axe
rCold  . . .     Clarity  +     (armour unavailable)
rNeg   . . .     SustAb   .     (no shield)
rPois  .         Gourm    .     (helmet restricted)
rElec  .         Spirit   .     (no cloak)
rCorr  .         Warding  .     d - +0 pair of gloves
rMut   .         Stasis   .     (no boots)
MR     +....                    f - amulet of clarity
Stlth  ++........               (no ring)
                                c - ring of protection from magic

@: somewhat resistant to hostile enchantments, unstealthy
A: unfitting armour, cold-blooded, AC +6
a: no special abilities


You were on level 5 of the Dungeon.
You were hungry.

You visited 1 branch of the dungeon, and saw 5 of its levels.

You collected 126 gold pieces.

Inventory:

Hand weapons
 m - a +3 war axe (weapon)
Armour
 d - a +0 pair of gloves (worn)
Jewellery
 c - a ring of protection from magic (left hand)
 f - an amulet of clarity (around neck)
 o - an uncursed amulet of resist mutation {unknown}
Scrolls
 e - a scroll of remove curse
 l - a scroll of enchant weapon
Potions
 i - 3 potions of heal wounds {unknown}
 j - a potion of poison {unknown}
 k - a potion of curing
 n - 2 potions of invisibility {unknown}
 p - 2 potions of lignification {unknown}
Books
 a - a book of Frost

   Spells                             Type                      Level
   a - Freeze                         Ice                          1
   b - Throw Frost                    Conjuration/Ice              2
   c - Ozocubu's Armour               Charms/Ice                   3
   d - Throw Icicle                   Conjuration/Ice              4
   e - Summon Ice Beast               Ice/Summoning                4
   f - Condensation Shield            Ice                          4
Comestibles
 b - a bread ration
 h - 3 fruits


   Skills:
 + Level 0.7 Fighting
 + Level 0.0 Axes
 - Level 2.0 Dodging
 - Level 1.7 Stealth
 - Level 0.4 Unarmed Combat
 - Level 2.1 Spellcasting
   Level 1.0 Conjurations
 + Level 6.5 Ice Magic


You had 8 spell levels left.
You knew the following spells:

 Your Spells              Type           Power        Failure   Level  Hunger
a - Freeze                Ice            ###.         1%          1    #......


Dungeon Overview and Level Annotations

Branches:
Dungeon (5/15)
 Temple: D:4-7

Altars:
Fedhas
Qazlal
Ru

Shops:
D:4 [

Annotations:
D:5 Menkaure


Innate Abilities, Weirdness & Mutations

Your plain brown scales are hard (AC +6).
Your body does not fit into most forms of armour.
You are cold-blooded and may be slowed by cold attacks.


Message History

Menkaure is severely damaged.
Menkaure barely misses you.
You completely miss Menkaure.
Menkaure is severely damaged.
You are feeling hungry.
Menkaure calls on the powers of darkness!
Your body is wracked with pain!
* * * LOW HITPOINT WARNING * * *
Menkaure hits you!
* * * LOW HITPOINT WARNING * * *
Casting: Freeze
Confirm with . or Enter, or press ? or * to list all spells.
Aiming: Freeze
Press: ? - help, Shift-Dir - straight line, f/p - Menkaure
Aim: Menkaure (severely damaged, fast)
You freeze Menkaure.
Menkaure resists.
Menkaure is severely damaged.
Menkaure strides towards you, then pauses, indecisive.
Menkaure hits you!
You die...

.. .# ###.#
##...## ..
##.....#.##
#..........
#.......<#
###.#...#
#..M@..##
#.#.##.#######
#..#.......#
##.#.......#
##.##.#.......#
#.............#
#.#...........#
#.#.....<...#
#...........#


You could see Menkaure.

Vanquished Creatures
  3 orc priests (D:3)
  2 orc wizards (D:3)
  4 adders
  2 worms (D:2)
  2 giant geckos
  11 orcs
  A ball python (D:2)
  9 bats
  4 giant cockroaches
  11 hobgoblins
  10 kobolds
  9 giant newts
  3 goblins
  3 jackals (D:2)
  A quokka (D:2)
  3 rats
78 creatures vanquished.

Notes
Turn   | Place    | Note
--------------------------------------------------------------
     0 | D:1      | Chasingthesun, the Draconian Ice Elementalist, began the quest for the Orb.
     0 | D:1      | Reached XP level 1. HP: 14/14 MP: 3/3
   174 | D:1      | Reached XP level 2. HP: 16/22 MP: 0/5
  1249 | D:2      | Reached XP level 3. HP: 27/27 MP: 1/6
  1455 | D:2      | Reached skill level 4 in Ice Magic
  2227 | D:2      | Reached XP level 4. HP: 32/34 MP: 5/7
  2323 | D:3      | Found a stormy altar of Qazlal.
  2539 | D:3      | Reached skill level 5 in Ice Magic
  2746 | D:3      | Reached XP level 5. HP: 29/39 MP: 3/8
  3086 | D:3      | Reached skill level 6 in Ice Magic
  3088 | D:3      | Upgraded the game from 0.17-a0-762-gdd96e34 to 0.17-a0-848-g7e5c6af
  3432 | D:3      | Found a blossoming altar of Fedhas.
  3445 | D:3      | Found a sacrificial altar of Ru.
  3733 | D:3      | Reached XP level 6. HP: 25/46 MP: 5/9
  3895 | D:3      | Upgraded the game from 0.17-a0-848-g7e5c6af to 0.17-a0-941-g450667a
  3940 | D:4      | Found Xitiocw's Antique Armour Shoppe.
  4005 | D:5      | Entered Level 5 of the Dungeon
  4014 | D:5      | Noticed Menkaure
  4025 | D:5      | Slain by Menkaure

Action                   |  1- 3 |  4- 6 || total
-------------------------+-------+-------++-------
Melee: Unarmed           |    24 |    23 ||    47
       War axe           |       |     7 ||     7
 Cast: Freeze            |    69 |    83 ||   152
  Use: Scroll            |       |    10 ||    10
       Potion            |       |     1 ||     1
  Eat: Chunk             |     3 |     2 ||     5
       Fruit             |     3 |       ||     3
       Bread ration      |       |     1 ||     1
